 Dungeon Crawl Stone Soup version 0.29.0-4-gdea44cf6ec (webtiles) character file.

Game seed: 11174244477949343145

166 qw the Chopper (level 5, -3/32 HPs)
             Began as a Gargoyle Fighter on Sept 6, 2022.
             Slain by Grinder (6 damage)
             ... on level 3 of the Dungeon.
             The game lasted 00:01:09 (2631 turns).

qw the Chopper (Gargoyle Fighter)                   Turns: 2631, Time: 00:01:09

Health: -3/32      AC: 13    Str: 22    XL:     5   Next: 47%
Magic:  5/5        EV:  7    Int: 12    God:
Gold:   101        SH:  4    Dex:  9    Spells: 4/4 levels left

rFire   + . .      SeeInvis .   p - +1 hand axe (vamp)
rCold   + . .      Faith    .   c - +0 buckler
rNeg    + . .      Spirit   .   k - +0 chain mail
rPois   inf        Reflect  .   (no helmet)
rElec   +          Harm     .   m - scarf {repulsion}
rCorr   .          Rampage  .   (no gloves)
Will    +....                   (no boots)
Stlth   ..........              (no amulet)
HPRegen 0.10/turn               f - ring "Awebrofi" {rF+ rC+ Int+4}
MPRegen 0.09/turn               r - ring of willpower

@: repel missiles
A: sickness immunity, AC +4, negative energy resistance 1, electricity
resistance, torment resistance 1, petrification resistance
a: no special abilities


You were on level 3 of the Dungeon.
You visited 1 branch of the dungeon, and saw 3 of its levels.

You collected 101 gold pieces.


Innate Abilities, Weirdness & Mutations

You are immune to sickness and miasma.
Your stone body is resilient. (AC +4)
You are immune to poison.
You resist negative energy. (rN+)
You are resistant to electric shocks. (rElec)
You are resistant to unholy torment.
You are immune to petrification.


   Skills:
 + Level 3.4 Fighting
 - Level 5.0 Axes
 - Level 3.2 Armour
 - Level 3.2 Shields


You had 4 spell levels left.
You didn't know any spells.
Your spell library was empty.

Inventory:

Hand Weapons
 i - a +0 whip of electrocution
 j - a +0 war axe
 p - a +1 vampiric hand axe (weapon)
Missiles
 q - 5 boomerangs (quivered)
Armour
 c - a +0 buckler (worn)
 g - a +0 cloak
 k - a +0 chain mail (worn)
 m - a scarf of repulsion (worn)
Jewellery
 f - the ring "Awebrofi" (left hand) {rF+ rC+ Int+4}
   (You found it on level 2 of the Dungeon)

   [ring of protection from cold]

   Int:       It affects your intelligence (+4).
   rF:        It protects you from fire.
   rC:        It protects you from cold.
 r - a ring of willpower (right hand)
 x - a ring of ice
Wands
 l - a wand of digging (3)
Scrolls
 b - a scroll of teleportation {unknown}
 n - 2 scrolls of identify
 s - a scroll of immolation {unknown}
 v - a scroll of torment {unknown}
 y - a scroll of vulnerability {unknown}
Potions
 a - a potion of degeneration {unknown}
 d - 2 potions of might
 e - a potion of magic {unknown}
 h - a potion of experience {unknown}
 o - a potion of attraction {unknown}
 t - 2 potions of flight {unknown}
 u - a potion of heal wounds {unknown}
 w - a potion of brilliance {unknown}
 z - a potion of resistance {unknown}

Dungeon Overview and Level Annotations

Branches:
Dungeon (3/15)

Altars:
Vehumet
Xom

Shops:
D:1 (=

Annotations:
D:3 Grinder


Message History

You hit Grinder. Grinder hits you but does no damage.
You barely miss Grinder.
Grinder is moderately wounded.
You block Grinder's attack.
You completely miss Grinder.
Grinder is moderately wounded.
Grinder hits you.
You writhe in agony.
You closely miss Grinder.
Grinder is moderately wounded.
Grinder hits you but does no damage.
You barely miss Grinder.
Grinder is moderately wounded.
Grinder hits you but does no damage.
You closely miss Grinder.
Grinder is moderately wounded.
Grinder blinks! x2
You closely miss Grinder.
Grinder is moderately wounded.
Grinder hits you but does no damage.
You barely miss Grinder.
Grinder is moderately wounded.
Grinder completely misses you.
You hit Grinder.
Grinder is moderately wounded.
Grinder hits you!
You writhe in agony.
You closely miss Grinder.
Grinder is moderately wounded.
Grinder gestures at you. You resist with almost no effort.
You slash Grinder!
Grinder is heavily wounded.
Grinder completely misses you.
You closely miss Grinder.
Grinder is heavily wounded.
Grinder barely misses you.
You barely miss Grinder.
Grinder is heavily wounded.
Grinder hits you.
You die...

...)................#....
.........................
..................._.....
......[..................
....................#....
...................####..
...................####..
.....................##..
......%.@............####
.........5...........#
.............#####...####
.........................
...######................
... #................ ..
##...........####
#....<......# ......####


You could see Grinder.

Vanquished Creatures
  Terence (D:2)
  Natasha (twice) (D:2)
  A statue (D:3)
  An adder (D:2)
  A worm (D:3)
  5 orcs (D:3)
  3 ball pythons (D:1)
  4 endoplasms
  A giant cockroach (D:2)
  6 hobgoblins
  2 jackals (D:1)
  3 quokkas (D:1)
  4 bats
  4 frilled lizards
  7 goblins
  2 kobolds (D:1)
  4 rats
51 creatures vanquished.

Notes
Turn   | Place    | Note
-------+----------+-------------------------------------------
     0 | D:1      | qw the Gargoyle Fighter began the quest for the Orb.
     0 | D:1      | Reached XP level 1. HP: 14/14 MP: 1/1
     0 | D:1      | 0 ||| qw: Version: 0.1-a-108-g9e35731
     0 | D:1      | 0 ||| qw: Game counter: 6228
     0 | D:1      | 0 ||| qw: Always use a shield: true
     0 | D:1      | 0 ||| qw: God list: Okawaru
     0 | D:1      | 0 ||| qw: Allow faded altars: false
     0 | D:1      | 0 ||| qw: Do Orc after D:15 true
     0 | D:1      | 0 ||| qw: Do second Lair branch before Depths: true
     0 | D:1      | 0 ||| qw: Lair rune preference: random
     0 | D:1      | 0 ||| qw: Plans: Normal, Zot, God:TSO, Crypt, Tomb, Zig,
                  | Orb
     0 | D:1      | 0 ||| PLANNING D:1-11
    56 | D:1      | Reached skill level 2 in Axes
   222 | D:1      | Reached XP level 2. HP: 19/19 MP: 2/2
   523 | D:1      | 523 ||| DROPPING +0 club.
   540 | D:1      | Found a faded altar of an unknown god.
   604 | D:1      | Found Mulothimne's Weapon Emporium.
   736 | D:1      | Found Byoll's Jewellery Boutique.
   764 | D:1      | 764 ||| SHOPLISTING +6 ring of strength (396 gold, have
                  | 31).
   764 | D:1      | 764 ||| SHOPLISTING amulet of Ibakk {Spirit Fragile Int+7}
                  | (507 gold, have 31).
   764 | D:1      | 764 ||| SHOPLISTING amulet of reflection (330 gold, have
                  | 31).
   764 | D:1      | 764 ||| SHOPLISTING amulet of regeneration (330 gold, have
                  | 31).
   764 | D:1      | 764 ||| SHOPLISTING amulet of the acrobat (330 gold, have
                  | 31).
   764 | D:1      | 764 ||| SHOPLISTING ring of ice (275 gold, have 31).
   764 | D:1      | 764 ||| SHOPLISTING ring of protection from cold (275 gold,
                  | have 31).
   764 | D:1      | 764 ||| SHOPLISTING ring of see invisible (165 gold, have
                  | 31).
   901 | D:1      | Reached skill level 3 in Axes
  1082 | D:1      | 1082 ||| DROPPING +2 vorpal hand axe.
  1107 | D:1      | 1107 ||| READING scroll labelled OTWEEMUSEG.
  1108 | D:1      | 1108 ||| READING scroll labelled MEIBBI COECHEOGG.
  1163 | D:2      | Identified the ring "Awebrofi" {rF+ rC+ Int+4}
  1186 | D:2      | Reached XP level 3. HP: 23/23 MP: 3/3
  1227 | D:2      | Noticed Terence
  1248 | D:2      | Killed Terence
  1249 | D:2      | Reached XP level 4. HP: 7/28 MP: 4/4
  1511 | D:2      | Noticed Natasha
  1517 | D:2      | Killed Natasha
  1518 | D:2      | Reached skill level 4 in Axes
  1626 | D:2      | Noticed Natasha
  1627 | D:2      | 1627 ||| Stepping ~*~*~tactically~*~*~ (hiding).
  1632 | D:2      | Killed Natasha
  1752 | D:2      | 1752 ||| SWAPPING to +1 vampiric hand axe.
  1879 | D:2      | Reached XP level 5. HP: 32/32 MP: 5/5
  2141 | D:2      | 2141 ||| UPGRADING to +0 cloak.
  2146 | D:2      | 2146 ||| UPGRADING to +0 chain mail.
  2156 | D:2      | 2156 ||| DROPPING +0 scale mail.
  2157 | D:2      | 2157 ||| UPGRADING to scarf of repulsion.
  2167 | D:2      | 2167 ||| UPGRADING to ring "Awebrofi" {rF+ rC+ Int+4}.
  2168 | D:2      | 2168 ||| UPGRADING to ring of willpower.
  2169 | D:2      | 2169 ||| READING scroll labelled VEEVEH QYBEISYIRGH.
  2170 | D:2      | 2170 ||| READING scroll labelled MIN ERUOT XAO.
  2295 | D:3      | 2295 ||| Stepping ~*~*~tactically~*~*~ (stealth).
  2296 | D:3      | 2296 ||| Stepping ~*~*~tactically~*~*~ (stealth).
  2368 | D:3      | Found a shimmering altar of Xom.
  2491 | D:3      | Found a radiant altar of Vehumet.
  2491 | D:3      | Noticed a charred statue
  2501 | D:3      | Killed a charred statue
  2513 | D:3      | 2513 ||| Stepping ~*~*~tactically~*~*~ (stealth).
  2544 | D:3      | Reached skill level 5 in Axes
  2604 | D:3      | Noticed Grinder
  2627 | D:3      | HP: 4/32 [Grinder (8)]
  2631 | D:3      | Slain by Grinder

Levels and vault maps discovered:
D:1:      minmay_arrival_diagonal_passages, layout_basic, serial_shops,
          nicolae_shop_statue_plus, nicolae_square_shop,
          shapermc_ecumenical_altar_mp_highgroup,
          amcnicky_mini_rare_corridor_liquid, minivault_14
D:2:      layout_basic, uniq_terence, uniq_natasha
D:3:      layout_basic, vehumet_statue, brannock_xom_greatest_gift, uniq_grinder

Skill      XL: |  1  2  3  4  5 |
---------------+----------------+-----
Axes           | 2 3 4 5 |  5.0
Fighting       | |  3.4
Armour         | |  3.2
Shields        | |  3.2

Action                   |  1- 3 |  4- 6 || total
-------------------------+-------+-------++-------
Melee: War axe           |    88 |    20 ||   108
       Hand axe          |       |    67 ||    67
Throw: Boomerang         |       |    16 ||    16
  Use: Scroll            |     2 |     2 ||     4
Armor: Scale mail        |    61 |    12 ||    73
       Chain mail        |       |    23 ||    23
Dodge: Dodged            |    34 |    20 ||    54
Block: Buckler           |    16 |     8 ||    24

Table legend:
 A = Non-vault XP
 B = Vault XP
 C = Vault XP percentage of total XP
 D = Non-vault monster count
 E = Vault monster count
 F = Vault count percentage of total count
                 A         B        C        D         E       F
            +---------+---------+-------+---------+---------+-------
      Total |     133 |     105 |  44.1 |      48 |       3 |   5.9
            +---------+---------+-------+---------+---------+-------
        D:1 |      32 |       0 |   0.0 |      20 |       0 |   0.0
        D:2 |      64 |      73 |  53.3 |      11 |       2 |  15.4
        D:3 |      37 |      32 |  46.4 |      17 |       1 |   5.6
            +---------+---------+-------+---------+---------+-------
